 Dungeon Crawl Stone Soup version 0.30.0-16-gbe6223bb7e (webtiles) character file.

Game seed: 4716828583246571783

2 Persephone the Trooper (level 1, -2/14 HPs)
             Began as a Gargoyle Berserker on May 20, 2023.
             Was a Follower of Trog.
             Slain by a kobold
             ... wielding a +0 whip
              (4 damage)
             ... on level 1 of the Dungeon.
             The game lasted 00:00:12 (30 turns).

Persephone the Trooper (Gargoyle Berserker)           Turns: 30, Time: 00:00:12

Health: -2/14      AC:  4    Str: 20    XL:     1   Next: 40%
Magic:  1/1        EV: 11    Int:  7    God:    Trog [*.....]
Gold:   0          SH:  0    Dex:  9    Spells: 0/0 levels left

rFire   . . .        a - +0 hand axe
rCold   . . .        (no shield)
rNeg    + . .        b - +0 animal skin
rPois   ∞            (no helmet)
rElec   +            (no cloak)
rCorr   .            (no gloves)
SInv    .            (no boots)
Will    .....        (no amulet)
Stlth   +            (no ring)
HPRegen 0.22/turn    (no ring)
MPRegen 0.07/turn

%: no passive effects
@: no status effects
A: sickness immunity, AC +2, negative energy resistance 1, electricity
resistance, torment resistance 1, petrification resistance
a: Renounce Religion, Berserk


You were on level 1 of the Dungeon.
You worshipped Trog.
Trog was aware of your devotion.
You visited 1 branch of the dungeon, and saw 1 of its levels.

Inventory:

Hand Weapons
 a - a +0 hand axe (weapon)
Armour
 b - a +0 animal skin (worn)
Scrolls
 c - a scroll of silence {unknown}


   Skills:
 - Level 3.3 Fighting
 + Level 2.7 Axes
 - Level 2.2 Armour
 - Level 1.6 Dodging


You couldn't memorise any spells.
You didn't know any spells.
Your spell library was empty.

Dungeon Overview and Level Annotations

Branches:
Dungeon (1/15)

Altars:


Innate Abilities, Weirdness & Mutations

You are immune to sickness and miasma.
Your stone body is resilient. (AC +2)
You are immune to poison.
You resist negative energy. (rN+)
You are resistant to electric shocks. (rElec)
You are resistant to unholy torment.
You are immune to petrification.


Message History

You miss the goblin. The goblin closely misses you.
You hit the goblin.
You kill the goblin!
Trog accepts your kill.
Setting a skill training target for Axes at 14.0.
A kobold comes into view. It is wielding a +0 whip.
A kobold is nearby!
A kobold is nearby!
Found a sling.
Found a stone staircase leading down.
The kobold shouts!
You hear a shout!
You see here a +0 club.
The kobold hits you but does no damage.
You miss the kobold. The kobold closely misses you.
You barely miss the kobold. The kobold hits you with a +0 whip. x2
You are too injured to fight recklessly!
You are too injured to fight recklessly!
You are too injured to fight recklessly!
You are too injured to fight recklessly!
You are too injured to fight recklessly!
You are too injured to fight recklessly!
You are too injured to fight recklessly!
You are too injured to fight recklessly!
You are too injured to fight recklessly!
You are too injured to fight recklessly!
You are too injured to fight recklessly!
You are too injured to fight recklessly!
You are too injured to fight recklessly!
You are too injured to fight recklessly!
You are too injured to fight recklessly!
You hit the kobold but do no damage.
A hobgoblin comes into view.
The kobold hits you with a +0 whip.
You closely miss the kobold. The kobold hits you with a +0 whip.
* * * LOW HITPOINT WARNING * * *
You closely miss the kobold. The kobold hits you but does no damage.
You hit the kobold but do no damage. Your punch misses the kobold.
You closely miss the hobgoblin. The hobgoblin hits you.
* * * LOW HITPOINT WARNING * * *
The kobold hits you with a +0 whip.
You die...

###.######### ..
...<......'.# ..
###.#######.# ..
~~#.#...PP#.# .#
~~#.#....P#.#####.#
~~#.#P.PP##.)...#.#
~~#.#P.P#######.#.#
PP#.#PP########)).##.#
###+#### .>.)...@g...#
########K......
.#####. .# ##


You could see a hobgoblin and a kobold.

Vanquished Creatures
  2 goblins (D:1)
2 creatures vanquished.

Notes
Turn   | Place    | Note
-------+----------+-------------------------------------------
     0 | D:1      | Persephone the Gargoyle Berserker began the quest for the
                  | Orb.
     0 | D:1      | Reached XP level 1. HP: 14/14 MP: 1/1
    30 | D:1      | Slain by a kobold

Illustrated notes

Levels and vault maps discovered:
D:1:      psy_arrival_terrarium, layout_rooms, minmay_misc_feat_columns

Action                     || total
---------------------------++-------
  Melee: Hand axe          ||    10
 Armour: Animal skin       ||     4
  Dodge: Dodged            ||     3
